 Dungeon Crawl Stone Soup version 0.20.1-1-g8b1a95d (webtiles) character file.

335 LarsimusPrime the Covered (level 6, 0/53 HPs)
             Began as a Minotaur Fighter on Aug 20, 2017.
             Killed by divine providence
             ... invoked by an orc priest
              (12 damage)
             ... on level 4 of the Dungeon.
             The game lasted 00:16:05 (3173 turns).

LarsimusPrime the Covered (Minotaur Fighter)        Turns: 3173, Time: 00:16:06

Health: 0/53       AC:  9    Str: 18    XL:     6   Next: 28%
Magic:  5/5        EV:  8    Int:  5    God:
Gold:   180        SH:  9    Dex: 11    Spells: 5/5 levels left

rFire    . . .     SeeInvis .   i - +0 flail (protect)
rCold    . . .     Gourm    .   c - +0 shield
rNeg     . . .     Faith    .   j - +0 chain mail
rPois    .         Spirit   .   (helmet restricted)
rElec    .         Reflect  .   (no cloak)
rCorr    .         Harm     .   (no gloves)
MR       .....                  (no boots)
Stlth    ..........             (no amulet)
Regen    0.2/turn               e - +2 ring of evasion
MPRegen  0.1/turn               A - -3 ring of strength (curse)

@: about to teleport
A: retaliatory headbutt, horns 2
a: no special abilities


You were on level 4 of the Dungeon.
You were hungry.

You visited 1 branch of the dungeon, and saw 4 of its levels.

You collected 180 gold pieces.

Inventory:

Hand Weapons
 a - a +0 flail
 i - a +0 flail of protection (weapon)
 m - a +0 short sword
Missiles
 g - 7 javelins of penetration (quivered)
 k - 4 javelins
 s - 26 stones
 t - 5 silver tomahawks
 y - 4 tomahawks
Armour
 b - a +0 scale mail
 c - a +0 shield (worn)
 j - a +0 chain mail (worn)
Jewellery
 e - a +2 ring of evasion (left hand)
 A - a cursed -3 ring of strength (right hand)
Scrolls
 n - 2 scrolls of fog
Potions
 d - a potion of might
 p - a potion of flight
 u - a potion of curing
 v - a potion of lignification {unknown}
 x - a potion of haste {unknown}
 z - a potion of degeneration {unknown}
Comestibles
 f - 4 bread rations
 o - 3 fruits
 w - 2 chunks of flesh


   Skills:
 + Level 4.6 Fighting
 + Level 4.4 Maces & Flails
 + Level 5.1 Armour
 * Level 2.4 Dodging
 + Level 5.1 Shields


You had 5 spell levels left.
You didn't know any spells.

Dungeon Overview and Level Annotations

Branches:
Dungeon (4/15)
 Temple: D:4-7

Altars:
Gozag
Sif Muna
Yredelemnul

Shops:
D:4 *


Innate Abilities, Weirdness & Mutations

You reflexively headbutt those who attack you in melee.
You have a pair of horns on your head.


Message History

The orc priest invokes the aid of Beogh against you.
Pain shoots through your body!
* * * LOW HITPOINT WARNING * * *
The orc priest hits you but does no damage.
You block the orc priest's attack.
The orc priest hits you but does no damage.
The orc priest casts a cantrip, but nothing happens.
The orc priest calls upon Beogh to heal the orc priest.
The orc priest is healed somewhat.
You feel better. You block the orc priest's attack.
The orc priest calls down the wrath of Beogh upon you.
You barely resist. The orc priest hits you with a flail.
* * * LOW HITPOINT WARNING * * *
The orc priest calls upon Beogh to heal the orc priest.
The orc priest is healed somewhat.
As you read the scroll of teleportation, it crumbles to dust.
You feel strangely unstable.
The orc priest mumbles some strange prayers to Beogh against you.
Beogh smites you!
You die...

#.≈.....≈# #.#.##.#
#.≈≈...≈≈# #......# .
.≈._.≈.###### ###.####
...≈...≈......# #.#
...≈≈.≈≈......# #.#
......o...%...# #.##
..... #.....### #..#
#.....###.......# ##.#
......o@o.#####.# #.#
....##o#o.#####.####.#
. ...#..##.........#
..##.#..##.##.######
## #.#.... ...#
....###.#### ..### #
#.


You could see 4 orc priests.

Vanquished Creatures
  Purgy (D:3)
  A crimson imp (D:3)
  An orc priest (D:3)
  Natasha (twice) (D:3)
  A hound skeleton (D:3)
  5 adders (D:3)
  3 dart slugs (D:1)
  4 leopard geckos
  8 orcs
  4 giant cockroaches
  2 goblins
  5 hobgoblins
  A jackal (D:1)
  2 quokkas
  3 bats
  2 frilled lizards
  9 kobolds
  4 rats
  5 bushes (D:2)
  2 plants (D:2)
65 creatures vanquished.

Notes
Turn   | Place    | Note
-------+----------+-------------------------------------------
     0 | D:1      | LarsimusPrime the Minotaur Fighter began the quest for the Orb.
     0 | D:1      | Reached XP level 1. HP: 19/19 MP: 0/0
   538 | D:1      | Reached XP level 2. HP: 27/27 MP: 1/1
   985 | D:2      | Found a basalt altar of Yredelemnul.
  1043 | D:2      | Found a deep blue altar of Sif Muna.
  1181 | D:2      | Reached XP level 3. HP: 32/33 MP: 2/2
  1988 | D:3      | Reached skill level 1 in Dodging
  2002 | D:3      | Reached XP level 4. HP: 35/40 MP: 3/3
  2108 | D:3      | Noticed Purgy
  2134 | D:3      | Killed Purgy
  2134 | D:3      | Reached XP level 5. HP: 30/47 MP: 4/4
  2175 | D:3      | Noticed Natasha
  2185 | D:3      | Killed Natasha
  2372 | D:3      | Reached skill level 5 in Armour
  2372 | D:3      | Reached XP level 6. HP: 22/53 MP: 5/5
  2383 | D:3      | Reached skill level 5 in Shields
  2917 | D:3      | Noticed Natasha
  2930 | D:3      | Killed Natasha
  3100 | D:4      | Found Gozag's Platinum Reserve.
  3155 | D:4      | Found an opulent altar of Gozag.
  3173 | D:4      | Killed from afar by an orc priest

Skill      XL: |  1  2  3  4  5  6 |
---------------+-------------------+-----
Fighting       | 4 |  4.6
Armour         | 4 5 |  5.1
Shields        | 4 5 |  5.1
Dodging        | 1 2 |  2.4
Maces & Flails | 3 4 |  4.4

Action                   |  1- 3 |  4- 6 || total
-------------------------+-------+-------++-------
Melee: Flail             |   370 |    88 ||   458
       Headbutt          |   114 |    12 ||   126
Throw: Javelin           |     2 |       ||     2
  Use: Potion            |       |     3 ||     3
       Scroll            |       |     6 ||     6
  Eat: Chunk             |     2 |     5 ||     7
       Fruit             |     1 |       ||     1
Armor: Chain mail        |    34 |    56 ||    90
Dodge: Dodged            |    27 |    37 ||    64
Block: Shield            |    45 |    57 ||   102
